 Dungeon Crawl Stone Soup version 0.30-a0-462-gd5975efbca (webtiles) character file.

Game seed: 10700225305445907093

168 oldriver the Shooter (level 5, -3/41 HPs)
             Began as a Barachi Hexslinger on Dec 17, 2022.
             Slain by an ogre
             ... wielding a +0 giant spiked club
              (12 damage)
             ... on level 4 of the Dungeon.
             The game lasted 00:03:59 (2626 turns).

oldriver the Shooter (Barachi Hexslinger)           Turns: 2626, Time: 00:04:00

Health: -3/41      AC:  6    Str: 17    XL:     5   Next: 49%
Magic:  6/6        EV: 11    Int: 13    God:
Gold:   87         SH:  0    Dex: 12    Spells: 5/6 levels left

rFire   . . .      SeeInvis .    a - +1 sling
rCold   + . .      Faith    .    (no shield)
rNeg    + . .      Spirit   .    s - +0 ring mail
rPois   .          Reflect  .    (no helmet)
rElec   .          Harm     .    (no cloak)
rCorr   .          Rampage  .    h - +0 pair of gloves
Will    .....                    (no boots)
Stlth   +.........               j - amulet of regeneration
HPRegen 1.06/turn                r - +6 ring of strength
MPRegen 0.10/turn                l - ring "Wuec" {+Blink rC+ rN+ Dex-3}

@: unable to hop, slow
A: amphibious, slowness 1, strong legs 1, +LOS
a: Hop, Evoke Blink


You were on level 4 of the Dungeon.
You visited 1 branch of the dungeon, and saw 4 of its levels.

You collected 87 gold pieces.

Inventory:

Hand Weapons
 a - a +1 sling (weapon)
Armour
 h - a +0 pair of gloves (worn)
 s - a +0 ring mail (worn)
Jewellery
 e - a ring of see invisible
 j - an amulet of regeneration (around neck)
 l - the ring "Wuec" (right hand) {+Blink rC+ rN+ Dex-3}
   (You found it on level 2 of the Dungeon)

   [ring of protection from cold]

   Dex:       It affects your dexterity (-3).
   rC:        It protects you from cold.
   rN:        It protects you from negative energy.
   +Blink:    It lets you blink.
 r - a +6 ring of strength (left hand)
Scrolls
 b - a scroll of poison
 f - a scroll of enchant armour {unknown}
 g - a scroll of magic mapping {unknown}
 i - a scroll of amnesia {unknown}
 n - a scroll of identify
 q - a scroll of brand weapon {unknown}
Potions
 d - 2 potions of degeneration {unknown}
 k - a potion of cancellation
 m - a potion of berserk rage {unknown}
 o - a potion of lignification {unknown}
 p - a potion of ambrosia {unknown}


   Skills:
 + Level 3.6 Fighting
 * Level 4.6 Ranged Weapons
 - Level 2.1 Dodging
 - Level 1.1 Spellcasting
 - Level 3.2 Hexes


You had 5 spell levels left.
You knew the following spells:

 Your Spells              Type           Power      Damage    Failure   Level
a - Slow                  Hex            36%        N/A       14%         1

Your spell library contained the following spells:

 Spells                   Type           Power      Damage    Failure   Level
 Inner Flame              Hex/Fire       4%         N/A       61%         3
 Portal Projectile        Hex/Tloc       8%         N/A       61%         3
 Summon Guardian Golem    Hex/Summ       4%         N/A       61%         3
 Cause Fear               Hex            4%         N/A       80%         4
 Orb of Destruction       Conj           0%         9d5       100%        7
 Spellforged Servitor     Conj/Summ      0%         N/A       100%        7


Dungeon Overview and Level Annotations

Branches:
Dungeon (4/15)
 Temple: D:4-7

Altars:
Uskayaw
Wu Jian

Shops:
D:1 (   D:3 :

Annotations:
D:2 Sigmund
D:3 3 runed translucent doors, Encipher's ghost, amateur KoHu


Innate Abilities, Weirdness & Mutations

You are amphibious.
You cover ground slowly.
You can hop short distances.
You have an extended range of vision and can be seen from far away.


Message History

Aim: an ogre, wielding a +0 giant spiked club (almost dead, 74% to hit)
You shoot a sling bullet.
The sling bullet completely misses the ogre.
The orc barely misses you.
The ogre hits you with a +0 giant spiked club!!
Ouch! That really hurt!
* * * LOW HITPOINT WARNING * * *
The orc hits you with a +0 hand axe.
* * * LOW HITPOINT WARNING * * *
You fail to use your ability.
The orc hits you with a +0 hand axe.
* * * LOW HITPOINT WARNING * * *
The ogre closely misses you.
Casting: Slow (safe; 14% risk of failure)
Confirm with . or Enter, or press ? or * to list all spells.
Okay, then.
You aren't carrying any items that you can evoke.
Unknown command.
Unknown command.
Fire: a) +1 sling
Press: ? - help, Shift-Dir - straight line, f/p - ogre
Aim: an ogre, wielding a +0 giant spiked club (almost dead, 74% to hit)
You shoot a sling bullet.
The sling bullet completely misses the ogre.
The orc hits you with a +0 hand axe.
* * * LOW HITPOINT WARNING * * *
Fire: a) +1 sling
Press: ? - help, Shift-Dir - straight line, f/p - ogre
Aim: an ogre, wielding a +0 giant spiked club (almost dead, 74% to hit)
You shoot a sling bullet.
The sling bullet barely misses the ogre.
The ogre barely misses you. The orc barely misses you.
Unknown command.
Fire: a) +1 sling
Press: ? - help, Shift-Dir - straight line, f/p - ogre
Aim: an ogre, wielding a +0 giant spiked club (almost dead, 74% to hit)
You shoot a sling bullet.
The sling bullet completely misses the ogre.
The orc misses you.
The ogre hits you with a +0 giant spiked club!
You die...

......<......[# ..
..##...<....)# ..
#.............######.).#
#.......................
...#.##..##.##..####.##
.... .......###.#....#
## #.###..........###
... ..#..#........## ..
...#....@O.......# .....
##.#.o#......... ..
#.##.###.....#.. . #..
#.#...# . # ... ........
#.........#. ..## ....#
..# .. #..


You could see an ogre and an orc.

Vanquished Creatures
  An orc priest (D:3)
  Jessica (D:2)
  5 adders
  4 worms
  A dart slug (D:2)
  2 orcs (D:3)
  4 endoplasms
  2 giant cockroaches (D:3)
  A hobgoblin (D:2)
  4 jackals (D:1)
  5 quokkas
  5 ball pythons
  4 bats
  3 frilled lizards
  4 goblins
  5 kobolds
  5 rats
56 creatures vanquished.

Vanquished Creatures (others)
  3 plants (D:2)
3 creatures vanquished.

Grand Total: 59 creatures vanquished

Notes
Turn   | Place    | Note
-------+----------+-------------------------------------------
     0 | D:1      | oldriver the Barachi Hexslinger began the quest for the
                  | Orb.
     0 | D:1      | Reached XP level 1. HP: 15/15 MP: 2/2
   117 | D:1      | Reached XP level 2. HP: 22/22 MP: 3/3
   767 | D:1      | Found Xofac's Weapon Boutique.
   838 | D:2      | Reached skill level 3 in Ranged Weapons
   838 | D:2      | Reached XP level 3. HP: 24/27 MP: 4/4
   860 | D:2      | Identified the ring "Wuec" {+Blink rC+ rN+ Dex-3}
   966 | D:2      | Noticed Sigmund
  1196 | D:2      | Found an ornate altar of the Wu Jian Council.
  1421 | D:2      | Noticed Jessica
  1439 | D:2      | Killed Jessica
  1440 | D:2      | Reached XP level 4. HP: 34/34 MP: 5/5
  1581 | D:3      | Found a runed translucent gate.
  1581 | D:3      | Found a runed translucent gate.
  1609 | D:3      | Reached skill level 4 in Ranged Weapons
  1778 | D:3      | Found a runed translucent gate.
  1808 | D:3      | Reached XP level 5. HP: 21/41 MP: 6/6
  2100 | D:3      | Noticed Encipher's ghost (amateur KoHu)
  2119 | D:3      | Found Bymuneb's Book Shop.
  2487 | D:3      | Found a hide-covered altar of Uskayaw.
  2611 | D:4      | Noticed an ogre
  2626 | D:4      | Slain by an ogre

Illustrated notes

Levels and vault maps discovered:
D:1:      erik_arrival_orb_chamber, layout_loops_ring, serial_shops,
          nicolae_lakefront_shop
D:2:      layout_basic, serial_bayou, serial_bayou_lagoon_b,
          serial_bayou_ford_a, serial_bayou_pond_d, serial_bayou_pond_b,
          basic_altar, uniq_sigmund, uniq_jessica
D:3:      layout_basic, lemuel_coloured_pillars_altar, gammafunk_ghost_icy,
          serial_shops, shop_fountains
D:4:      layout_rooms, minmay_temple_entry_large_hall, minmay_ruptured

Skill      XL: |  1  2  3  4 |
---------------+-------------+-----
Fighting       | 2 3 |  3.6
Ranged Weapons | 3 4 |  4.6
Dodging        | |  2.1
Spellcasting   | |  1.1
Hexes          | |  3.2

Action                   |  1- 3 |  4- 6 || total
-------------------------+-------+-------++-------
 Fire: Sling             |   103 |   124 ||   227
 Cast: Slow              |       |     1 ||     1
 Abil: Hop               |     3 |     4 ||     7
  Use: Scroll            |       |     2 ||     2
       Potion            |       |     1 ||     1
Armor: Robe              |    11 |    14 ||    25
Dodge: Dodged            |    29 |    44 ||    73

Table legend: (Time is in decaauts)
 A = Elapsed time spent in this place.
 B = Non-inter-level travel time spent in this place.
 C = Inter-level travel time spent in this place.
 D = Time resting spent in this place.
 E = Time spent auto-exploring this place.
 F = Levels seen in this place.
 G = Mean time per level.
                   A        B        C        D        E       F      G
               +--------+--------+--------+--------+--------+-----+--------+
         Total |   3079 |   2975 |    104 |    242 |   2219 |   4 |  769.8 |
       Dungeon |   3079 |   2975 |    104 |    242 |   2219 |   4 |  769.8 |
               +--------+--------+--------+--------+--------+-----+--------+

Top non-repeatable levels by time:
     D:3: 1216 daAuts
     D:1: 968 daAuts
     D:2: 836 daAuts
     D:4: 58 daAuts
